 Dungeon Crawl Stone Soup version 0.19.0-2-gae57169 (webtiles) character file.

37918 Jerry the Severer (level 13, 0/99 HPs)
             Began as a Deep Dwarf Gladiator on Nov 2, 2016.
             Was a High Priest of Makhleb.
             Slain by a komodo dragon (12 damage)
             ... on level 1 of the Swamp.
             The game lasted 01:30:19 (13254 turns).

Jerry the Severer (Deep Dwarf Gladiator)           Turns: 13254, Time: 01:30:19

Health: 0/99       AC: 28    Str: 33    XL:     13   Next: 61%
Magic:  29/29      EV: 12    Int: 10    God:    Makhleb [*****.]
Gold:   416        SH:  0    Dex: 23    Spells: 4 memorised, 6 levels left

rFire  . . .     SeeInvis .     Y - +6 broad axe "Qematyuv" {chop, rElec rC+ Str+3}
rCold  + + .     Gourm    .     K - +5 chain mail of Daisies {Str+3}
rNeg   . . .     Faith    .     (no shield)
rPois  .         Spirit   .     c - +1 helmet
rElec  +         Reflect  .     C - +0 cloak
rCorr  .         Harm     .     W - +2 pair of gloves of the Dropbear {MP+9}
MR     ++...                    y - +0 pair of boots of the Lute {rElec} (curse)
Stlth  ..........               i - amulet of rage
                                T - ring of protection from magic
                                v - ring of Taso {rC+ Str+3 Int+2 Dex+5}

@: exhausted, non-regenerating, slowed, very slow
A: damage resistance, recharge devices, agile 1, sense surroundings 2, slow
regeneration 3, strong 1, wild magic 1
a: Device Recharging, Minor Destruction, Lesser Servant of Makhleb, Major
Destruction, Greater Servant of Makhleb, Renounce Religion, Evoke Berserk Rage


You were on level 1 of the Swamp.
You worshipped Makhleb.
Makhleb was extremely pleased with you.
You were very hungry.

You visited 4 branches of the dungeon, and saw 17 of its levels.
You also visited: Labyrinth and Sewer.

You collected 824 gold pieces.
You spent 408 gold pieces at shops.

Inventory:

Hand Weapons
 j - a +4 antimagic war axe
 Y - the +6 broad axe "Qematyuv" (weapon) {chop, rElec rC+ Str+3}
   (You bought it in a shop on level 9 of the Dungeon)

   It inflicts extra damage upon your enemies.
   It affects your strength (+3).
   It protects you from cold.
   It insulates you from electricity.
Missiles
 d - 3 throwing nets (quivered)
Armour
 c - a +1 helmet (worn)
 y - the cursed +0 pair of boots of the Lute (worn) {rElec}
   (You bought it in a shop on level 12 of the Dungeon)

   It insulates you from electricity.
   It has a curse placed upon it.
 C - a +0 cloak (worn)
 K - the +5 chain mail of Daisies (worn) {Str+3}
   (You found it on level 4 of the Dungeon)

   It affects your strength (+3).
 W - the +2 pair of gloves of the Dropbear (worn) {MP+9}
   (You found it on level 9 of the Dungeon)

   It affects your magic capacity (+9).
Jewellery
 i - an amulet of rage (around neck)
 v - the ring of Taso (left hand) {rC+ Str+3 Int+2 Dex+5}
   (You found it in a labyrinth)

   [ring of dexterity]

   It affects your strength (+3).
   It affects your intelligence (+2).
   It affects your dexterity (+5).
   It protects you from cold.
 T - a ring of protection from magic (right hand)
Wands
 a - a wand of polymorph (11/24)
 e - a wand of heal wounds (3/9)
 o - a wand of disintegration (8/24)
 u - a wand of teleportation (3/9)
 G - a wand of digging (18/24)
 L - a wand of polymorph (15/24)
 Z - a wand of iceblast (0/15)
Scrolls
 b - 7 scrolls of teleportation
 l - a scroll of vulnerability {unknown}
 n - 2 scrolls of enchant armour
 p - 2 scrolls of fear
 r - 4 scrolls of fog
 s - 2 scrolls of enchant weapon
 w - 6 scrolls of remove curse
 x - a scroll of magic mapping
 E - a scroll of blinking
 J - 3 scrolls of identify
 O - a scroll of acquirement {unknown}
 U - a scroll of brand weapon {unknown}
Potions
 h - 4 potions of brilliance
 k - a potion of invisibility
 m - a potion of ambrosia {unknown}
 q - 3 potions of cure mutation {unknown}
 z - 2 potions of agility {unknown}
 A - a potion of haste
 B - 9 potions of curing
 D - 3 potions of resistance
 F - a potion of heal wounds {unknown}
 H - 5 potions of magic {unknown}
 I - 2 potions of might {unknown}
 M - 3 potions of flight {unknown}
 P - a potion of berserk rage {unknown}
Miscellaneous
 S - a lamp of fire
Comestibles
 f - 8 bread rations
 g - 48 fruits
 t - 12 meat rations
 N - a slice of pizza
 Q - 3 beef jerkies


   Skills:
 - Level 1.7 Fighting
 + Level 16.4 Axes
 - Level 1.7 Throwing
 + Level 16.2 Armour
 - Level 3.2 Dodging
 + Level 11.0 Invocations


You had 6 spell levels left.
You knew the following spells:

 Your Spells              Type           Power        Failure   Level  Hunger
a - Beastly Appendage     Tmut           #.....       94%         1    ##.....
b - Repel Missiles        Chrm/Air       #.....       99%         2    ###....
c - Swiftness             Chrm/Air       #.......     99%         2    ###....
d - Summon Small Mammal   Summ           #...         94%         1    ##.....


Dungeon Overview and Level Annotations

Branches:
Dungeon (12/15)            Temple (1/1) D:7            Lair (3/6) D:8
  Swamp (1/4) Lair:3          Orc (0/2) D:12
  Snake: Lair:2-4    Spider: Lair:2-4

Altars:
Ashenzari
Cheibriados
Dithmenos
Elyvilon
Fedhas
Gozag
Hepliaklqana
Kikubaaqudgha
Makhleb
Nemelex Xobeh
Okawaru
Qazlal
Ru
Sif Muna
Trog
Uskayaw
Vehumet
Xom
Yredelemnul
Zin
The Shining One

Shops:
D:5 %   D:6 !   D:9 }%(   D:12 [


Innate Abilities, Weirdness & Mutations

You are resistant to damage.
You can recharge devices by infusing magical energy.
You passively map the area around you.
You do not regenerate.
You are agile. (Dex +2)
Your muscles are strong. (Str +2)
Your spells are a little harder to cast, but a little more powerful.


Message History

You hit the tyrant leech.
The tyrant leech is severely wounded.
The tyrant leech bites you!
The tyrant leech draws strength from your injuries!
You slash the tyrant leech!
The tyrant leech is severely wounded.
The tyrant leech bites you!
* * * LOW HITPOINT WARNING * * *
The tyrant leech draws strength from your injuries!
You slash the tyrant leech!
The tyrant leech is almost dead.
The tyrant leech bites you.
* * * LOW HITPOINT WARNING * * *
The tyrant leech draws strength from your injuries!
The komodo dragon barely misses you.
Okay, then.
A demon appears!
It doesn't seem very happy.
The komodo dragon bites you!
You die...

≈≈≈≈..≈.≈≈ ,
♣....≈..≈.
....♣♣♣♣≈
,/.......≈ ,
..≈♣♣ ,
....|.≈≈§≈ > ♣♣♣♣
**, * ≈..≈≈.≈♣ *
, ♣ *,, *♣..≈≈≈.
* , , * *♣.≈..♣,
≈ * * ≈ ♣.≈§.♣ *
* , ,
≈≈..♣♣♣l.≈.♣ * *
≈,≈≈≈...≈.@...♣*
** ≈ ≈ ≈ ≈
.≈≈....w....≈.≈*
≈≈≈ ,,
...§≈..≈≈2.§...
** .≈≈ ≈≈
≈≈.≈§≈§≈...≈...,≈
..≈≈≈
,,≈≈.≈≈....≈≈....
, .≈.≈ ≈
≈....♣♣♣..♣≈..≈*
≈≈, ≈≈≈. ≈.♣♣♣
♣♣♣.≈.≈ , ≈ ≈≈≈.
≈* .. ≈.♣ ≈
≈≈≈♣** ≈ ≈ ≈ ,


You could see a cacodemon, a tyrant leech and a komodo dragon.

Vanquished Creatures
  A minotaur (Lab)
  Snorg (D:11)
  Harold (D:12)
  Fannar (Lair:1)
  An ice dragon (Swamp:1)
  A hydra (D:12)
  A catoblepas (Lair:3)
  The ghost of Jerry the Severer, a journeyman HOMo of Qazlal (D:10)
  A centaur warrior (D:12)
  Urug (Lair:2)
  Nergalle (D:10)
  Sonja (D:10)
  An unseen horror (D:12)
  A wizard (D:12)
  A hill giant (D:12)
  An ugly thing (D:12)
  5 cyclopes
  4 black mambas
  Maurice (D:12)
  4 elephants (Lair:2)
  Joseph (D:10)
  Psyche (D:8)
  5 spiny frogs
  A gargoyle (D:10)
  A komodo dragon (Lair:2)
  3 trolls
  A hornet (D:12)
  A polar bear (Lair:3)
  Prince Ribbit (D:9)
  A blink frog (shapeshifter) (D:11)
  A two-headed ogre (D:9)
  The ghost of baghtru the Insei, an amateur OpMo (D:3)
  6 hippogriffs
  A bog body (Swamp:1)
  3 slime creatures (D:11)
  A shadow (D:12)
  2 wraiths
  2 wyverns (Lair:3)
  2 vampires (D:11)
  2 steam dragons (D:5)
  25 yaks
  2 basilisks
  Grum (D:8)
  6 hungry ghosts
  6 swamp worms (Lair:3)
  2 soldier ants
  5 water moccasins
  Purgy (D:3)
  4 orc warriors
  3 ice beasts
  5 porcupines
  4 sky beasts
  2 phantoms
  A necrophage (D:11)
  2 eyes of draining
  A black bear (D:6)
  7 ogres
  4 wolves (D:8)
  3 centaurs
  4 crocodiles
  3 big kobolds
  14 bullfrogs
  A wyvern skeleton (D:8)
  2 troll zombies (D:12)
  4 scorpions
  16 killer bees
  13 wights
  3 electric eels
  4 crimson imps
  A bullfrog zombie (D:5)
  2 centaur zombies
  2 jellies
  A quasit (D:10)
  11 orc wizards
  4 bullfrog skeletons
  2 centaur skeletons
  10 orc priests
  A gnoll shaman (D:8)
  5 hounds
  5 iguanas
  10 worker ants
  4 ogre zombies (D:12)
  A hound skeleton (D:4)
  15 gnolls
  15 adders
  5 river rats
  3 shadow imps
  An adder skeleton (D:5)
  An adder zombie (D:9)
  A worm (D:3)
  4 dart slugs
  7 leopard geckos
  63 orcs
  6 giant cockroaches
  6 goblins
  7 hobgoblins
  12 jackals
  6 quokkas
  6 ball pythons
  8 bats
  14 frilled lizards
  A goblin zombie (D:12)
  4 hobgoblin skeletons (D:12)
  3 hobgoblin zombies (D:12)
  19 kobolds
  A leopard gecko skeleton (D:4)
  An orc skeleton (D:12)
  10 orc zombies (D:12)
  A quokka skeleton (D:5)
  22 rats
  A bush (Lair:3)
  3 fungi
  A plant (Lair:2)
521 creatures vanquished.

Vanquished Creatures (others)
  An orc (D:12)
  A fungus (D:5)
2 creatures vanquished.

Grand Total: 523 creatures vanquished

Notes
Turn   | Place    | Note
-------+----------+-------------------------------------------
     0 | D:1      | Jerry the Deep Dwarf Gladiator began the quest for the Orb.
     0 | D:1      | Reached XP level 1. HP: 19/19 MP: 1/1
   171 | D:1      | Reached skill level 1 in Armour
   210 | D:1      | Reached XP level 2. HP: 23/26 MP: 2/2
   411 | D:1      | Reached XP level 3. HP: 23/32 MP: 3/3
   730 | D:2      | Reached XP level 4. HP: 20/39 MP: 4/4
  1383 | D:3      | Noticed Purgy
  1385 | D:3      | Noticed baghtru's ghost (amateur OpMo)
  1401 | D:3      | Killed Purgy
  1401 | D:3      | Reached skill level 5 in Axes
  1401 | D:3      | Reached XP level 5. HP: 45/45 MP: 5/5
  1409 | D:3      | Killed baghtru's ghost
  1409 | D:3      | Reached XP level 6. HP: 52/52 MP: 6/6
  1515 | D:3      | Reached skill level 5 in Armour
  1812 | D:3      | Found a glowing drain.
  1823 | Sewer    | Entered a sewer
  1862 | Sewer    | Reached XP level 7. HP: 47/58 MP: 7/7
  3264 | D:4      | Got a polished chain mail
  3275 | D:4      | Identified the +5 chain mail of Daisies {Str+3} (You found it on level 4 of the Dungeon)
  3450 | D:5      | Entered Level 5 of the Dungeon
  3532 | D:5      | Reached XP level 8. HP: 28/66 MP: 8/8
  3537 | D:5      | Gained mutation: You are agile. (Dex +2) [mutagenic meat]
  3538 | D:5      | Gained mutation: Your spells are a little harder to cast, but a little more powerful. [mutagenic meat]
  3539 | D:5      | Gained mutation: Your muscles are strong. (Str +2) [mutagenic meat]
  3869 | D:5      | Found Cuhail's Food Emporium.
  4461 | D:6      | Gained mutation: You passively map the area around you. [Deep Dwarf growth]
  4461 | D:6      | Reached XP level 9. HP: 38/73 MP: 9/9
  4472 | D:6      | Found Joocolur's Distillery.
  4610 | D:6      | Found an ancient bone altar of Kikubaaqudgha.
  4744 | D:6      | You fall through a shaft!
  4761 | D:7      | Reached skill level 10 in Axes
  4995 | D:7      | Found a staircase to the Ecumenical Temple.
  5012 | Temple   | Entered the Ecumenical Temple
  5109 | Temple   | Became a worshipper of Makhleb the Destroyer
  5194 | D:7      | Got a heavy robe
  5205 | D:7      | Identified the +1 robe "Ecuidd" {Str+5 Dex+5} (You found it on level 7 of the Dungeon)
  5557 | D:8      | Reached skill level 10 in Armour
  5610 | D:8      | Found a staircase to the Lair.
  5912 | D:8      | Reached * piety under Makhleb
  6175 | D:8      | Reached XP level 10. HP: 34/80 MP: 9/9
  6207 | D:8      | Noticed Grum
  6236 | D:8      | Killed Grum
  6364 | D:8      | Noticed Psyche
  6377 | D:8      | Killed Psyche
  6787 | Lair:1   | Entered Level 1 of the Lair of Beasts
  6790 | Lair:1   | Noticed a black mamba
  6810 | Lair:1   | Killed a black mamba
  6901 | Lair:1   | Noticed Fannar
  6938 | Lair:1   | Killed Fannar
  6971 | Lair:1   | Reached ** piety under Makhleb
  7067 | Lair:1   | Noticed a black mamba
  7077 | Lair:1   | Killed a black mamba
  7156 | Lair:1   | Noticed a spiny frog
  7173 | Lair:1   | Killed a spiny frog
  7430 | D:9      | Got a pair of faintly humming gloves
  7452 | D:9      | Identified the +2 pair of gloves of the Dropbear {MP+9} (You found it on level 9 of the Dungeon)
  7462 | D:9      | Found Gungi's Gadget Shop.
  7528 | D:9      | Noticed Prince Ribbit
  7548 | D:9      | Killed Prince Ribbit
  7587 | D:9      | Reached XP level 11. HP: 63/86 MP: 10/10
  7648 | D:9      | Found Biuts's Food Boutique.
  7651 | D:9      | Found Meab's Antique Weapon Emporium.
  7668 | D:9      | Bought a twisted broad axe for 180 gold pieces
  7668 | D:9      | Identified the +6 broad axe "Qematyuv" {chop, rElec rC+ Str+3} (You bought it in a shop on level 9 of the Dungeon)
  7862 | D:10     | Entered Level 10 of the Dungeon
  7954 | D:10     | Noticed Jerry's ghost (journeyman HOMo)
  7979 | D:10     | Killed Jerry's ghost
  8004 | D:10     | Noticed Joseph
  8005 | D:10     | Noticed Nergalle
  8028 | D:10     | Killed Joseph
  8072 | D:10     | Noticed Sonja
  8117 | D:10     | Killed Nergalle
  8264 | D:10     | Reached *** piety under Makhleb
  8459 | D:10     | Killed Sonja
  8704 | D:11     | Noticed Snorg
  8715 | D:11     | Killed Snorg
  8795 | D:11     | Reached skill level 1 in Invocations
  8849 | D:11     | Learned a level 1 spell: Beastly Appendage
  8852 | D:11     | Learned a level 2 spell: Repel Missiles
  8855 | D:11     | Learned a level 2 spell: Swiftness
  9032 | D:11     | Reached **** piety under Makhleb
  9184 | D:11     | Reached XP level 12. HP: 93/93 MP: 13/13
  9242 | D:11     | Reached skill level 5 in Invocations
  9698 | D:12     | Found Tyurait's Antique Armour Boutique.
  9707 | D:12     | Reached skill level 15 in Axes
  9717 | D:12     | Bought a pair of bloodstained boots for 228 gold pieces
  9727 | D:12     | Identified the cursed +0 pair of boots of the Lute {rElec} (You bought it in a shop on level 12 of the Dungeon)
  9764 | D:12     | Found a staircase to the Orcish Mines.
  9882 | D:12     | Noticed an eight-headed hydra
  9899 | D:12     | Killed a ten-headed hydra
  9974 | D:12     | Reached ***** piety under Makhleb
 10104 | D:12     | Reached skill level 15 in Armour
 10430 | D:12     | Noticed Harold
 10457 | D:12     | Killed Harold
 10503 | D:12     | Noticed Maurice
 10504 | D:12     | Noticed a centaur warrior
 10510 | D:12     | Killed Maurice
 10517 | D:12     | Killed a centaur warrior
 10965 | Lair:2   | Noticed Urug
 10973 | Lair:2   | Reached XP level 13. HP: 59/99 MP: 18/18
 10985 | Lair:2   | Killed Urug
 11019 | Lair:2   | Found a labyrinth entrance.
 11032 | Lab      | Entered a labyrinth
 11400 | Lab      | Noticed a minotaur
 11406 | Lab      | Killed a minotaur
 11418 | Lab      | Got a warped turquoise ring
 11419 | Lab      | Got a bloodstained ring mail
 11419 | Lab      | Got a scorched leather armour
 11423 | Lab      | Got a tattered robe
 11435 | Lab      | Identified the +4 leather armour of the Vaults {MP+9} (You found it in a labyrinth)
 11446 | Lab      | Identified the +1 ring mail "Juuceigh" {Dex+6 Slay+2 Stlth-} (You found it in a labyrinth)
 11456 | Lab      | Identified the +2 robe of Liberty {rC++ rN+ Str-2} (You found it in a labyrinth)
 11488 | Lair:2   | Identified the ring of Taso {rC+ Str+3 Int+2 Dex+5} (You found it in a labyrinth)
 11534 | Lair:2   | Learned a level 1 spell: Summon Small Mammal
 11883 | Lair:2   | Reached skill level 10 in Invocations
 12874 | Lair:3   | Found a staircase to the Swamp.
 13162 | Swamp:1  | Entered Level 1 of the Swamp
 13254 | Swamp:1  | Noticed a cacodemon
 13254 | Swamp:1  | Slain by a komodo dragon

Skill      XL: |  1  2  3  4  5  6  7  8  9 10 11 12 13 |
---------------+----------------------------------------+-----
Armour         | 1 2 3 4 5 7 9 10 12 14 15 16 | 16.2
Axes           | 4 5 6 8 9 11 13 14 15 16 | 16.4
Invocations    | 3 8 11 | 11.0
Fighting       | |  1.7
Throwing       | |  1.7
Dodging        | |  3.2

Action                   |  1- 3 |  4- 6 |  7- 9 | 10-12 | 13-15 || total
-------------------------+-------+-------+-------+-------+-------++-------
Melee: War axe           |   101 |   134 |   244 |       |       ||   479
       Hand axe          |       |       |   368 |   256 |       ||   624
       Broad axe         |       |       |       |   486 |   222 ||   708
 Fire: Hunting sling     |       |    27 |    51 |       |       ||    78
Throw: Throwing net      |       |       |       |     5 |       ||     5
Invok: Greater Servant o |       |       |       |       |     1 ||     1
 Abil: Evoke Berserk Rag |       |     2 |     4 |    15 |     3 ||    24
       Device Recharging |       |       |     1 |       |       ||     1
Evoke: Wand              |       |     2 |     7 |    19 |     5 ||    33
       Lamp of fire      |       |       |       |     1 |       ||     1
  Use: Scroll            |       |       |    15 |     2 |     6 ||    23
       Potion            |       |       |       |     1 |       ||     1
 Stab: Sleeping          |       |       |       |     1 |       ||     1
  Eat: Chunk             |       |     5 |    22 |    40 |     7 ||    74
       Fruit             |       |       |     1 |     1 |     2 ||     4
       Pizza             |       |       |       |     5 |       ||     5
Armor: Leather armour    |    38 |    18 |       |       |       ||    56
       Chain mail        |       |    72 |   340 |   471 |   110 ||   993
Dodge: Dodged            |   104 |    81 |   232 |   381 |   102 ||   900
